cohdb
Replays
Latest Replays
All Replays
Popular Replays
Top Player Replays
Match Explorer
How It Works
Community
CoH3 Stats
Reddit
Sign in to upload your games and track your stats! →
Sign in with Steam
Match 36044298
Unlisted
Match 36044298
Overview
Messages
Build Orders
End
Panzergrenadier Squad
250 Light Carrier
Panzergrenadier Squad
Construct Light Support Kompanie
2.5-tonne Medical Truck
Fire Support Elements
Vehicle Survival Package
Selects Armored Support Battlegroup
Selects Superior Fire Drills
Pak 38 Mechanized Group
Forward Retreat Point
Construct Panzerarmee Kommand
Selects Salvage Kits
Emergency Repair Kits
Selects Panzer Storm
Advanced Field Repairs
Panzer III L Medium Tank
Tungsten Core Ammunition
Rapid Advance
Walking Stuka Rocket Launcher
Panzergrenadier Squad
Selects Stuka Anti-tank Loiter
Panzer III L Medium Tank
Armored Reserves
Veteran Squad Leaders
Selects Flammpanzer III Medium Tank
Walking Stuka Rocket Launcher
Stuka Anti-tank Loiter
Selects Command Panzer IV F Medium Tank
Panzer IV Assault Group
我小叮当今晚要搞事!
spinn72
Weissweinschorle - Das Original
dark.willow121
使命召唤
PANDAKING
Yaas
冲锋大哥
0
0
Comments
sign in to comment!
No comments posted yet!